 Dungeon Crawl Stone Soup version 0.22-a0-157-g169b76a (webtiles) character file.

49 theanonym the Cudgeler (level 3, -1/28 HPs)
             Began as a Mummy Gladiator on Feb 8, 2018.
             Slain by a frilled lizard (2 damage)
             ... on level 2 of the Dungeon.
             The game lasted 00:02:23 (915 turns).

theanonym the Cudgeler (Mummy Gladiator)             Turns: 915, Time: 00:02:23

Health: -1/28      AC: 11    Str: 18    XL:     3   Next: 53%
Magic:  3/3        EV:  6    Int: 11    God:
Gold:   73         SH:  0    Dex: 13    Spells: 2/2 levels left

rFire    x . .     SeeInvis .   a - +0 flail
rCold    + . .     Gourm    .   (no shield)
rNeg     + + +     Faith    .   g - +0 plate armour
rPois    ∞         Spirit   .   c - +0 helmet
rElec    .         Reflect  .   (no cloak)
rCorr    .         Harm     .   (no gloves)
MR       .....                  (no boots)
Stlth    ..........             (no amulet)
HPRegen  0.09/turn              j - +4 ring of intelligence
MPRegen  0.08/turn              (no ring)

@: no status effects
A: no food or potions, fire vulnerability, cold resistance 1, negative energy
resistance 3, torment resistance, unbreathing
a: no special abilities


Innate Abilities, Weirdness & Mutations

You do not eat or drink.
Your flesh is vulnerable to fire.
You are immune to poison.
Your flesh is cold resistant. (rC+)
You are immune to negative energy. (rN+++)
You are immune to unholy pain and torment.
You can survive without breathing.


   Skills:
 + Level 2.7 Fighting
 * Level 3.4 Maces & Flails
 - Level 1.5 Throwing
 - Level 2.4 Dodging


You had 2 spell levels left.
You didn't know any spells.

Skill      XL: |  1  2 |
---------------+-------+-----
Maces & Flails | 3 |  3.4
Fighting       | |  2.7
Throwing       | |  1.5
Dodging        | |  2.4

Action                   || total
-------------------------++-------
Melee: Flail             ||   145
Throw: Throwing net      ||     3
 Stab: Sleeping          ||     1
Armor: Scale mail        ||    23
       Leather armour    ||     5
       Plate armour      ||    67
Dodge: Dodged            ||    86

Inventory:

Hand Weapons
 a - a +0 flail (weapon)
Armour
 b - a +0 leather armour
 c - a +0 helmet (worn)
 e - a +0 scale mail
   (You found it on level 1 of the Dungeon)
 g - a +0 plate armour (worn)
   (You found it on level 1 of the Dungeon)
Jewellery
 j - a +4 ring of intelligence (left hand)
   (You found it on level 2 of the Dungeon)
Scrolls
 f - a scroll of remove curse {unknown}
 h - a scroll of random uselessness {unknown}
 i - a scroll of identify {unknown}
 k - a scroll of enchant armour {unknown}


You were on level 2 of the Dungeon.
You were not hungry.

You visited 1 branch of the dungeon, and saw 2 of its levels.

You collected 73 gold pieces.

Dungeon Overview and Level Annotations

Branches:
Dungeon (2/15)

Altars:

##.#.#......... #
#..#.#.########.#
#..#..........#.#...
#........#..........
#........#.#...#####
#.##...............
##....#..#...........
#...#######.....#####
#...'..@lS....#....
#...########.......
###.#..).....[.<...
#.'....######....
###...(....# .?..
####<....# ...
#.....# .. #.....#
#..(..#


You could see an adder (caught) and a frilled lizard.

Notes
Turn   | Place    | Note
-------+----------+-------------------------------------------
     0 | D:1      | theanonym the Mummy Gladiator began the quest for the Orb.
     0 | D:1      | Reached XP level 1. HP: 16/16 MP: 1/1
   101 | D:1      | Reached XP level 2. HP: 19/22 MP: 2/2
   245 | D:1      | Reached skill level 3 in Maces & Flails
   736 | D:1      | Reached XP level 3. HP: 28/28 MP: 3/3
   896 | D:2      | HP: 14/28 [adder (3)]
   902 | D:2      | HP: 12/28 [adder (2)]
   907 | D:2      | HP: 5/28 [adder (4)]
   910 | D:2      | HP: 2/28 [adder (1)]
   915 | D:2      | Slain by a frilled lizard

Vanquished Creatures
  An adder (D:2)
  A worm (D:2)
  4 dart slugs
  2 leopard geckos
  2 giant cockroaches (D:1)
  3 goblins (D:1)
  A hobgoblin (D:1)
  2 jackals (D:1)
  3 bats (D:1)
  A frilled lizard (D:1)
  5 kobolds
  3 rats (D:1)
28 creatures vanquished.

Table legend:
 A = Turns spent in this place as a percentage of turns spent in the entire game.
 B = Non-inter-level travel turns spent in this place as a percentage of non-inter-level travel turns spent in the entire game.
 C = Inter-level travel turns spent in this place as a percentage of turns spent in this place.
 D = Turns resting spent in this place as a percentage of non-inter-level travel turns spent in this place.
 E = Turns spent auto-exploring this place as a percentage of non-inter-level travel turns spent in this place.
 F = Non-inter-level travel turns spent in this place divided by the number of levels of this place that you've seen.
                   A       B       C       D       E      F
               +-------+-------+-------+-------+-------+----------------------
         Total | 100.0 | 100.0 |   2.5 |  18.5 |  51.8 | 446.0
       Dungeon | 100.0 | 100.0 |   2.5 |  18.5 |  51.8 | 446.0
               +-------+-------+-------+-------+-------+----------------------
